 Dungeon Crawl Stone Soup version 0.30.0-29-ga12c61a403 (webtiles) character file.

Game seed: 2800642279354967841

147 qw the Chopper (level 5, 0/32 HPs)
             Began as a Gargoyle Fighter on June 6, 2023.
             Slain by an orc priest
             ... wielding a +1 antimagic morningstar
              (8 damage)
             ... on level 3 of the Dungeon.
             The game lasted 00:00:48 (1290 turns).

qw the Chopper (Gargoyle Fighter)                   Turns: 1290, Time: 00:00:49

Health: 0/32       AC: 12    Str: 22    XL:     5   Next: 29%
Magic:  1/5        EV:  9    Int:  8    God:
Gold:   99         SH:  4    Dex:  9    Spells: 4/4 levels left

rFire   . . .        Y - +0 war axe
rCold   . . .        c - +0 buckler
rNeg    + . .        b - +0 scale mail
rPois   inf          (no helmet)
rElec   +            (no cloak)
rCorr   .            j - +0 pair of gloves
SInv    .            (no boots)
Will    +....        (no amulet) Stlth
                     h - ring of willpower
HPRegen 0.25/turn    (no ring)
MPRegen 0.09/turn

%: no passive effects
@: no status effects
A: sickness immunity, AC +4, negative energy resistance 1, electricity
resistance, torment resistance 1, petrification resistance
a: no special abilities


You were on level 3 of the Dungeon.
You visited 1 branch of the dungeon, and saw 3 of its levels.

You collected 99 gold pieces.


Innate Abilities, Weirdness & Mutations

You are immune to sickness and miasma.
Your stone body is resilient. (AC +4)
You are immune to poison.
You resist negative energy. (rN+)
You are resistant to electric shocks. (rElec)
You are resistant to unholy torment.
You are immune to petrification.


   Skills:
 - Level 3.2 Fighting
 + Level 4.8 Axes
 - Level 3.2 Armour
 - Level 3.2 Shields


You had 4 spell levels left.
You didn't know any spells.
Your spell library was empty.

Inventory:

Hand Weapons
 k - a +0 whip
 Y - a +0 war axe (weapon)
Armour
 b - a +0 scale mail (worn)
 c - a +0 buckler (worn)
 j - a +0 pair of gloves (worn)
Jewellery
 f - a +5 ring of evasion
 h - a ring of willpower (left hand)
Potions
 a - a potion of ambrosia {unknown}
 d - a potion of might
 e - a potion of attraction {unknown}
 g - a potion of brilliance {unknown}

Dungeon Overview and Level Annotations

Branches:
Dungeon (3/15)

Altars:
The Shining One


Message History

The gnoll hits you but does no damage. The gnoll barely misses you.
The orc hits you but does no damage. The orc closely misses you.
You hit the orc.
You kill the orc!
You hit the orc.
You kill the orc!
You slash the gnoll!
You kill the gnoll!
The gnoll misses you.
You hit the orc priest but do no damage.
You block the gnoll's attack.
The orc priest hits you with a +1 antimagic morningstar.
You feel your power leaking away.
You barely miss the orc priest.
The gnoll hits you from afar with a +0 halberd.
The orc priest barely misses you. The gnoll barely misses you.
The gnoll hits you but does no damage. You block the orc priest's attack.
You hit the orc priest but do no damage.
You hit the gnoll. The gnoll barely misses you. The gnoll closely misses you.
The orc priest hits you with a +1 antimagic morningstar.
You closely miss the gnoll.
The gnoll is moderately wounded.
You hit the orc priest but do no damage.
The gnoll barely misses you. The gnoll hits you with a +0 whip.
The orc priest hits you with a +1 antimagic morningstar.
You feel your power leaking away.
You closely miss the gnoll.
The gnoll is moderately wounded.
You hit the orc priest.
The gnoll hits you but does no damage. x2
The orc priest hits you but does no damage.
You slash the orc priest!
The orc priest is severely wounded.
You hit the gnoll.
The gnoll hits you but does no damage. x2
The orc priest hits you but does no damage.
The gnoll hits you but does no damage. x2
The orc priest hits you with a +1 antimagic morningstar!
You die...

###############
#......<......#
#.###########.#
#.# #.#
#.###### #
#..<..g# ...
#####.#)#.....
#.....@o......
#.###.#g#.....
##...#...$ #.##
#.# .# #. #


You could see an orc priest and 2 gnolls.

Vanquished Creatures
  Natasha (thrice) (D:2)
  2 gnolls (D:3)
  2 orcs (D:3)
  3 endoplasms
  3 giant cockroaches (D:1)
  4 goblins
  5 hobgoblins (D:2)
  3 jackals (D:2)
  2 quokkas
  4 ball pythons
  8 bats
  2 frilled lizards
  5 kobolds
  6 rats
52 creatures vanquished.

Notes
Turn   | Place    | Note
-------+----------+-------------------------------------------
     0 | D:1      | qw the Gargoyle Fighter began the quest for the Orb.
     0 | D:1      | Reached XP level 1. HP: 14/14 MP: 1/1
     0 | D:1      | 0 ||| qw: Version: 0.2-a-108-gee2c290
     0 | D:1      | 0 ||| qw: Game counter: 1516
     0 | D:1      | 0 ||| qw: Always use a shield: true
     0 | D:1      | 0 ||| qw: God list: Okawaru
     0 | D:1      | 0 ||| qw: Allow faded altars: false
     0 | D:1      | 0 ||| qw: Do Orc after D:15 true
     0 | D:1      | 0 ||| qw: Do second Lair branch before Depths: true
     0 | D:1      | 0 ||| qw: Lair rune preference: random
     0 | D:1      | 0 ||| qw: Plans: Normal, Zot:1-4, Slime:5, God:TSO, Crypt,
                  | Tomb, Abyss, Pan, Hells, Win
     0 | D:1      | 0 ||| PLANNING D:1-11
    63 | D:1      | Reached skill level 2 in Axes
   119 | D:1      | Reached XP level 2. HP: 14/19 MP: 2/2
   475 | D:1      | 475 ||| UPGRADING to +0 pair of gloves.
   480 | D:1      | 480 ||| UPGRADING to ring of willpower.
   481 | D:1      | 481 ||| READING scroll labelled XOUF EMAOW.
   482 | D:1      | 482 ||| READING scroll labelled ZIEWUGAOPS.
   483 | D:1      | 483 ||| READING scroll labelled ATAUHA LOPPYA.
   495 | D:2      | Found a faded altar of an unknown god.
   552 | D:2      | Reached skill level 3 in Axes
   555 | D:2      | Reached XP level 3. HP: 14/23 MP: 3/3
   555 | D:2      | 555 ||| FLEEEEING.
   556 | D:2      | 556 ||| STAIRDANCE
   600 | D:2      | 600 ||| STAIRDANCE
   762 | D:2      | Found a glowing golden altar of the Shining One.
   780 | D:2      | Noticed Natasha
   791 | D:2      | Killed Natasha
   811 | D:2      | 811 ||| FLEEEEING.
   812 | D:2      | 812 ||| FLEEEEING.
   813 | D:2      | 813 ||| FLEEEEING.
   814 | D:2      | 814 ||| FLEEEEING.
   815 | D:2      | 815 ||| FLEEEEING.
   816 | D:2      | 816 ||| FLEEEEING.
   855 | D:2      | 855 ||| Stepping ~*~*~tactically~*~*~ (stealth).
   858 | D:2      | Reached XP level 4. HP: 28/28 MP: 4/4
  1001 | D:2      | Noticed Natasha
  1006 | D:2      | Reached skill level 4 in Axes
  1016 | D:2      | Killed Natasha
  1135 | D:2      | Noticed Natasha
  1145 | D:2      | Killed Natasha
  1146 | D:2      | Reached XP level 5. HP: 26/32 MP: 5/5
  1203 | D:2      | 1203 ||| DROPPING +0 club.
  1244 | D:2      | 1244 ||| READING scroll labelled BELOAS EMUISA.
  1245 | D:2      | 1245 ||| READING scroll labelled CABAOW ONGEMN.
  1260 | D:3      | 1260 ||| PLANNING SEWER
  1274 | D:3      | 1274 ||| Stepping ~*~*~tactically~*~*~ (hiding).
  1275 | D:3      | 1275 ||| Stepping ~*~*~tactically~*~*~ (stealth).
  1276 | D:3      | 1276 ||| Stepping ~*~*~tactically~*~*~ (hiding).
  1288 | D:3      | HP: 7/32 [orc priest/+1 antimagic morningstar (6)]
  1290 | D:3      | Slain by an orc priest

Levels and vault maps discovered:
D:1:      zaba_arrival_water, layout_basic,
          nicolae_concentric_dashed_squares_wild
D:2:      layout_rooms, basic_altar, nicolae_ecumenical_oubliette, uniq_natasha
D:3:      layout_loops_ring, gup_sewer_entry_bubbles

Skill      XL: |  1  2  3  4 |
---------------+-------------+-----
Axes           | 2 3 4 |  4.8
Fighting       | |  3.2
Armour         | |  3.2
Shields        | |  3.2

Action                     |  1- 3 |  4- 6 || total
---------------------------+-------+-------++-------
  Melee: War axe           |    71 |    56 ||   127
    Use: Scroll            |     3 |     2 ||     5
 Armour: Scale mail        |    24 |    51 ||    75
  Dodge: Dodged            |    37 |    43 ||    80
  Block: Buckler           |    11 |    18 ||    29

Table legend:
 A = Non-vault XP
 B = Vault XP
 C = Vault XP percentage of total XP
 D = Non-vault monster count
 E = Vault monster count
 F = Vault count percentage of total count
                 A         B        C        D         E       F
            +---------+---------+-------+---------+---------+-------
      Total |     175 |      35 |  16.7 |      51 |       1 |   1.9
            +---------+---------+-------+---------+---------+-------
        D:1 |      30 |       0 |   0.0 |      19 |       0 |   0.0
        D:2 |     111 |      35 |  24.0 |      27 |       1 |   3.6
        D:3 |      34 |       0 |   0.0 |       5 |       0 |   0.0
            +---------+---------+-------+---------+---------+-------
